 Dungeon Crawl Stone Soup version 0.31-a0-182-gc5ef74bbde (webtiles) character file.

Game seed: 13206671363010585570

45 qw the Chopper (level 3, 0/23 HPs)
             Began as a Gargoyle Fighter on June 20, 2023.
             Slain by Sigmund
             ... wielding a +0 scythe
              (4 damage)
             ... on level 2 of the Dungeon.
             The game lasted 00:00:50 (1355 turns).

qw the Chopper (Gargoyle Fighter)                   Turns: 1355, Time: 00:00:51

Health: 0/23       AC: 10    Str: 21    XL:     3   Next: 64%
Magic:  3/3        EV:  9    Int:  8    God:
Gold:   49         SH:  0    Dex:  9    Spells: 2/2 levels left

rFire   . . .        Y - +0 war axe
rCold   . . .        c - +0 buckler
rNeg    + . .        b - +0 scale mail
rPois   inf          (no helmet)
rElec   +            (no cloak)
rCorr   .            (no gloves)
SInv    .            (no boots)
Will    .....        (no amulet) Stlth
                     (no ring)
HPRegen 0.23/turn    (no ring)
MPRegen 0.08/turn

%: no passive effects
@: confused
A: sickness immunity, AC +3, negative energy resistance 1, electricity
resistance, torment resistance 1, petrification resistance
a: no special abilities


You were on level 2 of the Dungeon.
You visited 1 branch of the dungeon, and saw 2 of its levels.

You collected 49 gold pieces.


Innate Abilities, Weirdness & Mutations

You are immune to sickness and miasma.
Your stone body is resilient. (AC +3)
You are immune to poison.
You resist negative energy. (rN+)
You are resistant to electric shocks. (rElec)
You are resistant to unholy torment.
You are immune to petrification.


   Skills:
 - Level 3.2 Fighting
 + Level 3.5 Axes
 - Level 3.2 Armour
 - Level 3.2 Shields


You had 2 spell levels left.
You didn't know any spells.
Your spell library was empty.

Inventory:

Hand Weapons
 f - a +0 flail
 Y - a +0 war axe (weapon)
Armour
 b - a +0 scale mail (worn)
 c - a +0 buckler (worn)
Jewellery
 e - a ring of flight
Scrolls
 a - a scroll of revelation {unknown}
 g - a scroll of identify
 i - a scroll of fear {unknown}
Potions
 d - a potion of might
 h - a potion of curing {unknown}

Dungeon Overview and Level Annotations

Branches:
Dungeon (2/15)

Altars:

Shops:
D:1 (

Annotations:
D:2 Sigmund


Message History

A dart slug comes into view.
A magic dart appears from out of thin air!
The magic dart hits you.
1340 ||| Stepping ~*~*~tactically~*~*~ (hiding).
Enter note:
Enter note: You completely miss the dart slug.
Something hits you! The dart slug launches a dart at you.
The slug dart misses you.
You slash the dart slug!
The dart slug is almost dead.
Something hits you but does no damage.
The dart slug bites you but does no damage.
You slash the dart slug!
You kill the dart slug!
Something hits you but does no damage.
You swing at nothing.
Something hits you but does no damage.
You swing at nothing.
A magic dart appears from out of thin air!
The magic dart hits you!
You swing at nothing.
Something hits you but does no damage.
You swing at nothing.
Something hits you but does no damage.
You swing at nothing.
Something hits you but does no damage.
You swing at nothing.
Something hits you but does no damage.
You swing at nothing.
Something hits you but does no damage.
You swing at nothing.
Something hits you!
You swing at nothing.
You swing at nothing.
You hear some strange, mumbled words.
You are confused.
Something hits you.
You die...

#. #... #.###
....####...
.........####
###<.........
#.......{..#
###........%.# .
...(.......@.#.#
#......[......#
#..........#### #
#.#..........#### #
..#...............#
###.#.##...#)######.#
..#.#...####....# #
#.#.#.#.###.....###
..#.#.#.............


There were no monsters in sight!

Vanquished Creatures
  2 dart slugs
  3 ball pythons (D:1)
  5 endoplasms
  4 giant cockroaches
  3 goblins
  2 quokkas
  8 bats
  2 frilled lizards (D:1)
  4 kobolds
  5 rats
38 creatures vanquished.

Notes
Turn   | Place    | Note
-------+----------+-------------------------------------------
     0 | D:1      | qw the Gargoyle Fighter began the quest for the Orb.
     0 | D:1      | Reached XP level 1. HP: 14/14 MP: 1/1
     0 | D:1      | 0 ||| qw: Version: 0.3-a-9-g12657ce
     0 | D:1      | 0 ||| qw: Game counter: 1505
     0 | D:1      | 0 ||| qw: Always use a shield: true
     0 | D:1      | 0 ||| qw: God list: Okawaru
     0 | D:1      | 0 ||| qw: Allow faded altars: false
     0 | D:1      | 0 ||| qw: Do Orc after D:15 true
     0 | D:1      | 0 ||| qw: Do second Lair branch before Depths: true
     0 | D:1      | 0 ||| qw: Lair rune preference: random
     0 | D:1      | 0 ||| qw: Plans: Normal, Zot:1-4, Slime:5, God:TSO, Crypt,
                  | Tomb, Abyss, Pan, Hells, Win
     0 | D:1      | 0 ||| PLANNING D:1-11
   101 | D:1      | Reached XP level 2. HP: 19/19 MP: 2/2
   239 | D:1      | 239 ||| Stepping ~*~*~tactically~*~*~ (hiding).
   423 | D:1      | Reached skill level 3 in Axes
   439 | D:1      | Found Jooqum's Antique Weapon Shoppe.
   449 | D:1      | Reached XP level 3. HP: 18/23 MP: 3/3
   479 | D:1      | 479 ||| SHOPLISTING glowing mace (108 gold, have 26).
   731 | D:1      | 731 ||| Stepping ~*~*~tactically~*~*~ (hiding).
   732 | D:1      | 732 ||| Stepping ~*~*~tactically~*~*~ (hiding).
  1091 | D:1      | 1091 ||| READING scroll labelled TUIMUS PAU.
  1096 | D:1      | 1096 ||| READING 2 scrolls labelled PUYF YCVICI.
  1097 | D:1      | 1097 ||| READING scroll labelled LUCESU VUSAZA.
  1337 | D:2      | Noticed Sigmund
  1340 | D:2      | 1340 ||| Stepping ~*~*~tactically~*~*~ (hiding).
  1353 | D:2      | HP: 3/23 [something (8)]
  1355 | D:2      | Slain by Sigmund

Levels and vault maps discovered:
D:1:      tarquinn_simple_flora_water_c, layout_basic, serial_shops, shop,
          minmay_surrounded
D:2:      layout_basic, uniq_sigmund

Skill      XL: |  1  2 |
---------------+-------+-----
Axes           | 2 3 |  3.5
Fighting       | |  3.2
Armour         | |  3.2
Shields        | |  3.2

Action                     || total
---------------------------++-------
  Melee: War axe           ||   140
    Use: Scroll            ||     3
 Armour: Scale mail        ||    88
  Dodge: Dodged            ||    61
  Block: Buckler           ||    24

Table legend:
 A = Non-vault XP
 B = Vault XP
 C = Vault XP percentage of total XP
 D = Non-vault monster count
 E = Vault monster count
 F = Vault count percentage of total count
                 A         B        C        D         E       F
            +---------+---------+-------+---------+---------+-------
      Total |      56 |       9 |  13.8 |      32 |       6 |  15.8
            +---------+---------+-------+---------+---------+-------
        D:1 |      40 |       9 |  18.4 |      24 |       6 |  20.0
        D:2 |      16 |       0 |   0.0 |       8 |       0 |   0.0
            +---------+---------+-------+---------+---------+-------
